 Dungeon Crawl Stone Soup version 0.30.0-30-g96aa6591b8 (webtiles) character file.

Game seed: 1050623405977642490

55 monsoonserge the Cudgeller (level 3, -6/54 HPs)
             Began as a Troll Berserker on June 28, 2023.
             Was a Believer of Trog.
             Killed by nerve-wracking pain
             ... invoked by Jessica
              (14 damage)
             ... on level 2 of the Dungeon.
             The game lasted 00:02:23 (662 turns).

monsoonserge the Cudgeller (Troll Berserker)         Turns: 662, Time: 00:02:24

Health: -6/54      AC:  4    Str: 27    XL:     3   Next: 67%
Magic:  2/2        EV: 10    Int:  3    God:    Trog [**....]
Gold:   75         SH:  0    Dex:  9    Spells: 2/2 levels left

rFire   . . .        a - +0 mace
rCold   . . .        (no shield)
rNeg    . . .        b - +0 animal skin
rPois   .            (helmet restricted)
rElec   .            (no cloak)
rCorr   .            (gloves unavailable)
SInv    .            (boots unavailable)
Will    .....        (no amulet) Stlth
                     (no ring)
HPRegen 1.09/turn    (no ring)
MPRegen 0.08/turn

%: no passive effects
@: berserking, very quick
A: large, unfitting armour, claws 3, regeneration 1, shaggy fur 1, tough skin 1
a: Renounce Religion, Berserk, Trog's Hand


You were on level 2 of the Dungeon.
You worshipped Trog.
Trog was pleased with you.
You visited 1 branch of the dungeon, and saw 2 of its levels.

You collected 75 gold pieces.

Inventory:

Hand Weapons
 a - a +0 mace (weapon)
Missiles
 g - 2 datura-tipped darts (quivered)
Armour
 b - a +0 animal skin (worn)
Scrolls
 d - a scroll of identify {unknown}
 f - a scroll of fear {unknown}
 k - a scroll of torment {unknown}
 m - a scroll of blinking {unknown}
 n - a scroll of teleportation {unknown}
Potions
 c - a potion of flight {unknown}
 e - a potion of mutation {unknown}
 h - a potion of ambrosia {unknown}
 i - a potion of resistance {unknown}
 j - 2 potions of curing {unknown}
 l - a potion of berserk rage {unknown}
 o - a potion of heal wounds {unknown}


   Skills:
 + Level 2.9 Fighting
 + Level 3.3 Maces & Flails
 + Level 3.0 Dodging


You had 2 spell levels left.
You didn't know any spells.
Your spell library was empty.

Dungeon Overview and Level Annotations

Branches:
Dungeon (2/15)

Altars:
Kikubaaqudgha

Annotations:
D:2 Jessica


Innate Abilities, Weirdness & Mutations

You are too large for most types of armour.
You have claws for hands.
Your natural rate of healing is unusually fast.
You are covered in fur. (AC +1)
You have tough skin. (AC +1)


Message History

Found a robe.
Found a stone staircase leading up.
Jessica the Apprentice Sorceress comes into view.
She is wielding a +0 dagger.
Jessica shouts!
Jessica gestures wildly while chanting.
Jessica seems to speed up.
Jessica looks very angry.
You see here a +0 robe.
You closely miss Jessica. Jessica hits you but does no damage.
Jessica hits you with a +0 dagger.
You hit Jessica.
Jessica is moderately wounded.
Jessica gestures wildly.
Jessica hits you with a +0 dagger. Jessica closely misses you.
You hit Jessica but do no damage.
Jessica is moderately wounded.
Jessica hits you with a +0 dagger. x2
You hit Jessica.
Jessica is severely wounded.
Jessica points at you and mumbles some strange words.
Pain shoots through your body! Jessica hits you with a +0 dagger.
* * * LOW HITPOINT WARNING * * *
You barely miss Jessica.
Jessica is severely wounded.
Jessica looks very angry.
Jessica hits you with a +0 dagger.
* * * LOW HITPOINT WARNING * * *
Jessica hits you with a +0 dagger.
* * * LOW HITPOINT WARNING * * *
A red film seems to cover your vision as you go berserk!
You feel yourself moving faster!
You feel mighty! Jessica completely misses you.
You hit Jessica.
Jessica is almost dead.
Jessica barely misses you.
You closely miss Jessica.
Jessica is almost dead.
Jessica gestures at you while chanting. Pain shoots through your body!
You die...

......................
........................
..................<..#..
..<....................
.....###...##.........
.....^###..##.......##
...........##........#
.....####............#
.....# #..####.@@##..
....## #..# ###.......
...## #### ###.... ####
... .


You could see Jessica (fast).

Vanquished Creatures
  An adder (D:2)
  A dart slug (D:2)
  6 ball pythons
  4 bats
  3 endoplasms (D:1)
  3 giant cockroaches
  3 hobgoblins
  2 jackals (D:1)
  A quokka (D:1)
  4 frilled lizards (D:1)
  3 goblins (D:1)
  5 kobolds
  4 rats
40 creatures vanquished.

Notes
Turn   | Place    | Note
-------+----------+-------------------------------------------
     0 | D:1      | monsoonserge the Troll Berserker began the quest for the
                  | Orb.
     0 | D:1      | Reached XP level 1. HP: 22/22 MP: 0/0
    64 | D:1      | Reached XP level 2. HP: 29/29 MP: 1/1
   286 | D:1      | Reached ** piety under Trog
   288 | D:1      | Reached XP level 3. HP: 36/36 MP: 2/2
   476 | D:2      | Found an ancient bone altar of Kikubaaqudgha.
   586 | D:2      | Identified the +2 leather armour of Hepliaklqana's Reproof
                  | {-Cast rCorr SInv}
   651 | D:2      | Noticed Jessica
   662 | D:2      | Killed from afar by Jessica

Illustrated notes

Levels and vault maps discovered:
D:1:      minmay_arrival_checkered_box, layout_rooms, minmay_misc_feat_tiny
D:2:      minmay_recursive_quarters, layout_rooms, basic_altar, uniq_jessica

Skill      XL: |  1  2  3 |
---------------+----------+-----
Maces & Flails | 3 |  3.3
Dodging        | 3 |  3.0
Fighting       | |  2.9

Action                     || total
---------------------------++-------
  Melee: Mace              ||   105
 Invoke: Berserk           ||     2
   Stab: Sleeping          ||     1
 Armour: Animal skin       ||    57
  Dodge: Dodged            ||    71
